 Dungeon Crawl Stone Soup version 0.29-a0-362-g5854e031c7 (webtiles) character file.

Game seed: 15165434778867245693

170 dolemite99 the Digger (level 5, -11/37 HPs)
             Began as a Gnoll Earth Elementalist on Apr 30, 2022.
             Mangled by Menkaure (22 damage)
             ... on level 4 of the Dungeon.
             The game lasted 00:05:09 (3392 turns).

dolemite99 the Digger (Gnoll Earth Elementalist)    Turns: 3392, Time: 00:05:10

Health: -11/37     AC:  2    Str:  7    XL:     5   Next: 51%
Magic:  8/12       EV: 13    Int: 17    God:
Gold:   115        SH:  0    Dex: 12    Spells: 13/14 levels left

rFire   . . .      SeeInvis .   y - +0 spear
rCold   . . .      Faith    .   (no shield)
rNeg    . . .      Spirit   .   b - +0 robe
rPois   .          Reflect  .   (no helmet)
rElec   .          Harm     .   (no cloak)
rCorr   .          Rampage  .   (no gloves)
Will    .....                   (no boots)
Stlth   +++.......              (no amulet)
HPRegen 0.12/turn               (no ring)
MPRegen 0.13/turn               (no ring)

@: no status effects
A: fangs 1, strong nose, distributed training
a: no special abilities


You were on level 4 of the Dungeon.
You visited 1 branch of the dungeon, and saw 4 of its levels.

You collected 115 gold pieces.

Inventory:

Hand Weapons
 g - a +0 dagger
 i - a +0 short sword
 y - a +0 spear (weapon)
Missiles
 a - 6 stones
 o - 3 throwing nets
 z - 3 poisoned darts
 A - 3 curare-tipped darts
Armour
 b - a +0 robe (worn)
 B - a +1 ring mail of cold resistance
Jewellery
 v - a ring of poison resistance
 w - a +4 ring of evasion
Scrolls
 f - a scroll of teleportation {unknown}
 k - a scroll of fear {unknown}
 l - 3 scrolls of identify {unknown}
 p - 4 scrolls of amnesia {unknown}
 q - a scroll of enchant weapon {unknown}
 r - a scroll of noise {unknown}
 t - a scroll of vulnerability {unknown}
Potions
 c - 2 potions of magic
 d - 2 potions of brilliance {unknown}
 e - 3 potions of attraction {unknown}
 h - 2 potions of heal wounds {unknown}
 j - 4 potions of curing {unknown}
 m - 3 potions of might {unknown}
 n - a potion of resistance {unknown}
 s - a potion of berserk rage {unknown}
 u - a potion of experience {unknown}
 x - a potion of lignification {unknown}
 C - a potion of cancellation {unknown}


   Skills:
 + Level 1.5 Fighting
 + Level 1.5 Short Blades
 + Level 1.5 Long Blades
 + Level 1.5 Axes
 + Level 1.5 Maces & Flails
 + Level 1.5 Polearms
 + Level 1.5 Staves
 + Level 1.5 Slings
 + Level 1.5 Bows
 + Level 1.5 Crossbows
 + Level 1.5 Throwing
 + Level 1.5 Armour
 + Level 4.8 Dodging
 + Level 4.4 Stealth
 + Level 1.5 Shields
 + Level 1.5 Unarmed Combat
 + Level 5.2 Spellcasting
 + Level 1.2 Conjurations
 + Level 1.2 Hexes
 + Level 1.2 Summonings
 + Level 1.2 Necromancy
 + Level 1.2 Translocations
 + Level 2.4 Transmutations
 + Level 1.2 Fire Magic
 + Level 1.2 Ice Magic
 + Level 1.2 Air Magic
 + Level 5.5 Earth Magic
 + Level 1.2 Poison Magic
 + Level 1.7 Invocations
 + Level 1.5 Evocations


You had 13 spell levels left.
You knew the following spells:

 Your Spells              Type           Power      Damage    Failure   Level
a - Sandblast             Erth           46%        2d11      1%          1

Your spell library contained the following spells:

 Spells                   Type           Power      Damage    Failure   Level
 Passwall                 Tmut/Erth      15%        N/A       4%          2
 Wereblood                Tmut           12%        N/A       8%          2
 Freeze                   Ice            32%        1d5       9%          1
 Stone Arrow              Conj/Erth      30%        3d8       11%         3
 Sublimation of Blood     Necr           8%         N/A       13%         2
 Ignite Poison            Fire/Tmut/Pois 9%         N/A       22%         3
 Frozen Ramparts          Ice            16%        1d3       26%         3
 Mephitic Cloud           Conj/Pois/Air  8%         N/A       26%         3
 Portal Projectile        Hex/Tloc       16%        N/A       26%         3
 Petrify                  Tmut/Erth      18%        N/A       26%         4
 Hailstorm                Conj/Ice       8%         3d4       63%         4
 Blade Hands              Tmut           6%         N/A       82%         5
 Excruciating Wounds      Necr           4%         N/A       93%         5
 Freezing Cloud           Conj/Ice/Air   4%         6-21      93%         5
 Summon Hydra             Summ           4%         N/A       100%        7


Dungeon Overview and Level Annotations

Branches:
Dungeon (4/15)
 Temple: D:4-7

Altars:
Qazlal

Shops:
D:2 [

Annotations:
D:4 Menkaure


Innate Abilities, Weirdness & Mutations

You have very sharp teeth.
Your uncanny sense of smell can sniff out nearby items.
Your experience applies equally to all skills.


Message History

The iguana is severely wounded.
The iguana bites you! The iguana attacks as you move away!
The iguana bites you!
Casting: Sandblast (safe; 1% risk of failure)
Confirm with . or Enter, or press ? or * to list all spells.
Aiming: Sandblast (safe; 1% risk of failure)
Press: ? - help, Shift-Dir - straight line, f/p - iguana
Aim: an iguana (severely wounded, 83% to hit)
The blast of sand hits the iguana!
You kill the iguana!
You start resting.
Menkaure gestures at you while chanting.
Pain shoots through your body!
* * * LOW HITPOINT WARNING * * *
Casting: Sandblast (safe; 1% risk of failure)
Confirm with . or Enter, or press ? or * to list all spells.
Aiming: Sandblast (safe; 1% risk of failure)
Press: ? - help, Shift-Dir - straight line, f - Menkaure
Aim: Menkaure (fast, 91% to hit)
The blast of sand hits Menkaure!
Menkaure is heavily damaged.
Casting: Sandblast (safe; 1% risk of failure)
Confirm with . or Enter, or press ? or * to list all spells.
Aiming: Sandblast (safe; 1% risk of failure)
Press: ? - help, Shift-Dir - straight line, f/p - Menkaure
Aim: Menkaure (heavily damaged, fast, 91% to hit)
The blast of sand hits Menkaure but does no damage.
Menkaure is heavily damaged.
Menkaure gestures ominously.
Menkaure misses you.
Casting: Sandblast (safe; 1% risk of failure)
Confirm with . or Enter, or press ? or * to list all spells.
Aiming: Sandblast (safe; 1% risk of failure)
Press: ? - help, Shift-Dir - straight line, f/p - Menkaure
Aim: Menkaure (heavily damaged, fast, 91% to hit)
The blast of sand hits Menkaure.
Menkaure is severely damaged.
Menkaure hits you!!
Ouch! That really hurt!
You die...

#.......#....#........
#.........##'#........
##########.........###
#.........+
#.........#
####.........#
##..###.......#
#.....#.......#
#..@..'.......+
####M.#.......#
#..#####....
.......### ####
...M... .......
...#### ∆ #+ ∆ ∆


You could see Menkaure (fast).

Vanquished Creatures
  An iguana (D:4)
  4 adders
  3 gnolls (D:4)
  An orc (D:3)
  8 endoplasms
  8 giant cockroaches
  3 goblins
  8 hobgoblins
  8 jackals
  3 quokkas
  5 ball pythons (D:1)
  4 bats
  7 frilled lizards
  6 kobolds
  5 rats
74 creatures vanquished.

Notes
Turn   | Place    | Note
-------+----------+-------------------------------------------
     0 | D:1      | dolemite99 the Gnoll Earth Elementalist began the quest for
                  | the Orb.
     0 | D:1      | Reached XP level 1. HP: 13/13 MP: 6/6
   257 | D:1      | Reached XP level 2. HP: 19/19 MP: 5/7
   754 | D:1      | Reached XP level 3. HP: 25/25 MP: 7/9
   797 | D:1      | Reached skill level 5 in Spellcasting
   896 | D:1      | Found a faded altar of an unknown god.
  1162 | D:2      | Reached skill level 1 in Invocations
  1354 | D:2      | Reached skill level 1 in Fighting
  1354 | D:2      | Reached skill level 1 in Short Blades
  1354 | D:2      | Reached skill level 1 in Long Blades
  1354 | D:2      | Reached skill level 1 in Axes
  1354 | D:2      | Reached skill level 1 in Maces & Flails
  1354 | D:2      | Reached skill level 1 in Polearms
  1354 | D:2      | Reached skill level 1 in Staves
  1354 | D:2      | Reached skill level 1 in Slings
  1354 | D:2      | Reached skill level 1 in Bows
  1354 | D:2      | Reached skill level 1 in Crossbows
  1354 | D:2      | Reached skill level 1 in Throwing
  1354 | D:2      | Reached skill level 1 in Armour
  1354 | D:2      | Reached skill level 1 in Shields
  1354 | D:2      | Reached skill level 1 in Unarmed Combat
  1354 | D:2      | Reached skill level 1 in Evocations
  1516 | D:2      | Found Xaoqick's Armour Shoppe.
  1601 | D:2      | Reached XP level 4. HP: 32/32 MP: 9/11
  2403 | D:3      | Reached skill level 1 in Conjurations
  2403 | D:3      | Reached skill level 1 in Hexes
  2403 | D:3      | Reached skill level 1 in Summonings
  2403 | D:3      | Reached skill level 1 in Necromancy
  2403 | D:3      | Reached skill level 1 in Translocations
  2403 | D:3      | Reached skill level 1 in Fire Magic
  2403 | D:3      | Reached skill level 1 in Ice Magic
  2403 | D:3      | Reached skill level 1 in Air Magic
  2403 | D:3      | Reached skill level 1 in Poison Magic
  2661 | D:3      | Found a stormy altar of Qazlal.
  2978 | D:4      | Reached XP level 5. HP: 37/37 MP: 10/12
  3384 | D:4      | Noticed Menkaure
  3392 | D:4      | Mangled by Menkaure

Illustrated notes

Levels and vault maps discovered:
D:1:      nicolae_arrival_somewhat_less_tricky_arrival, layout_rooms,
          hellmonk_ecumenical_altar_heavens_door, kennysheep_doodads
D:2:      layout_rooms, serial_curves, eino_curves_04, eino_curves_01,
          serial_shops, nicolae_shop_hallway_plus
D:3:      layout_loops_cross, mainiacjoe_overflow_cross_hatched
D:4:      layout_gridville, uniq_menkaure, uniq_crazy_yiuf_cottage,
          uniq_eustachio

Skill      XL: |  1  2  3  4 |
---------------+-------------+-----
Transmutations | 2 |  2.4
Spellcasting   | 5 |  5.2
Invocations    | 1 |  1.7
Fighting       | 1 |  1.5
Short Blades   | 1 |  1.5
Long Blades    | 1 |  1.5
Axes           | 1 |  1.5
Maces & Flails | 1 |  1.5
Polearms       | 1 |  1.5
Staves         | 1 |  1.5
Slings         | 1 |  1.5
Bows           | 1 |  1.5
Crossbows      | 1 |  1.5
Throwing       | 1 |  1.5
Armour         | 1 |  1.5
Shields        | 1 |  1.5
Unarmed Combat | 1 |  1.5
Evocations     | 1 |  1.5
Conjurations   | 1 |  1.2
Hexes          | 1 |  1.2
Summonings     | 1 |  1.2
Necromancy     | 1 |  1.2
Translocations | 1 |  1.2
Fire Magic     | 1 |  1.2
Ice Magic      | 1 |  1.2
Air Magic      | 1 |  1.2
Poison Magic   | 1 |  1.2
Dodging        | |  4.8
Stealth        | |  4.4
Earth Magic    | |  5.5

Action                   |  1- 3 |  4- 6 || total
-------------------------+-------+-------++-------
Melee: Short sword       |    10 |     6 ||    16
 Cast: Sandblast         |    50 |    48 ||    98
Armor: Robe              |     9 |     7 ||    16
Dodge: Dodged            |    33 |    21 ||    54

Table legend: (Time is in decaauts)
 A = Elapsed time spent in this place.
 B = Non-inter-level travel time spent in this place.
 C = Inter-level travel time spent in this place.
 D = Time resting spent in this place.
 E = Time spent auto-exploring this place.
 F = Levels seen in this place.
 G = Mean time per level.
                   A        B        C        D        E       F      G
               +--------+--------+--------+--------+--------+-----+--------+
         Total |   3392 |   3323 |     69 |    931 |   1863 |   4 |  848.0 |
       Dungeon |   3392 |   3323 |     69 |    931 |   1863 |   4 |  848.0 |
               +--------+--------+--------+--------+--------+-----+--------+

Top non-repeatable levels by time:
     D:1: 1042 daAuts
     D:2: 1020 daAuts
     D:3: 894 daAuts
     D:4: 435 daAuts
